 Dungeon Crawl Stone Soup version 0.22-a0-301-gf0fe05c (webtiles) character file.

1802 Amnesiac the Destroyer (level 8, -5/43 HPs)
             Began as a Deep Elf Wizard on Mar 26, 2018.
             Was an Elder of Sif Muna.
             Slain by a wyvern (13 damage)
             ... on level 6 of the Dungeon.
             The game lasted 00:09:56 (5392 turns).

Amnesiac the Destroyer (Deep Elf Wizard)            Turns: 5392, Time: 00:09:57

Health: -5/43      AC:  6    Str:  9    XL:     8   Next: 83%
Magic:  6/23       EV: 13    Int: 26    God:    Sif Muna [****..]
Gold:   250        SH:  0    Dex: 13    Spells: 15/26 levels left

rFire    + + .     SeeInvis .   v - +4 mace of Terror {crush, Str+5}
rCold    . . .     Gourm    .   (no shield)
rNeg     . . .     Faith    .   m - +0 robe of the Iron City of Dis {rF+} (curse)
rPois    +         Spirit   .   f - +0 helmet
rElec    .         Reflect  .   o - +1 cloak
rCorr    .         Harm     .   (no gloves)
MR       .....                  w - +0 pair of boots
Stlth    ++........             (no amulet)
HPRegen  0.14/turn              y - ring of protection from fire
MPRegen  0.18/turn              B - ring of poison resistance

@: divine energy
A: no striking features
a: Stop Divine Energy, Channel Magic, Forget Spell, Renounce Religion


You were on level 6 of the Dungeon.
You worshipped Sif Muna.
Sif Muna was greatly pleased with you.
You were not hungry.

You visited 1 branch of the dungeon, and saw 7 of its levels.
You also visited: Sewer.

You collected 250 gold pieces.

Inventory:

Hand Weapons
 v - the +4 mace of Terror (weapon) {crush, Str+5}
   (You took it off an orc on level 4 of the Dungeon)

   It inflicts extra damage upon your enemies.
   It affects your strength (+5).
Armour
 f - a +0 helmet (worn)
 m - the cursed +0 robe of the Iron City of Dis (worn) {rF+}
   (You found it on level 5 of the Dungeon)

   It protects you from fire.
   It has a curse placed upon it.
 o - a +1 cloak (worn)
 w - a +0 pair of boots (worn)
Jewellery
 y - a ring of protection from fire (left hand)
 B - a ring of poison resistance (right hand)
 C - a +5 ring of strength {unknown}
Wands
 a - a wand of polymorph (10)
 n - a wand of enslavement (11)
 q - a wand of disintegration (9)
 A - a wand of acid (8)
Scrolls
 b - 3 scrolls of enchant weapon {!r, unknown}
 g - 8 scrolls of remove curse {!r}
 h - a scroll of amnesia {!r, unknown}
 k - a scroll of fear {!r}
 p - 2 scrolls of teleportation {!r}
 t - a scroll of enchant armour {!r}
 x - 2 scrolls of blinking {!r, unknown}
Potions
 c - 4 potions of haste {!q, unknown}
 e - a potion of resistance {!q, unknown}
 i - 2 potions of might {!q, unknown}
 j - a potion of magic {!q, unknown}
 l - a potion of degeneration {!q}
 r - 3 potions of heal wounds {!q}
 s - 3 potions of curing {!q}
 u - 4 potions of flight {!q}
Comestibles
 d - 9 rations
 z - 5 chunks of flesh


   Skills:
 - Level 1.3 Fighting
 - Level 2.4 Dodging
 - Level 2.4 Stealth
 + Level 9.7 Spellcasting
 - Level 10.0 Conjurations
 - Level 1.1 Summonings
 - Level 1.1 Translocations


You had 15 spell levels left.
You knew the following spells:

 Your Spells              Type           Power        Failure   Level  Hunger
a - Magic Dart            Conj           ####         1%          1    None
b - Call Imp              Summ           ###.....     4%          2    None
e - Mephitic Cloud        Conj/Pois/Air  ####....     3%          3    None
s - Conjure Flame         Conj/Fire      #####...     1%          3    None
v - Blink                 Tloc           N/A          4%          2    None


Dungeon Overview and Level Annotations

Branches:
Dungeon (7/15)
 Temple: D:4-7

Altars:
Cheibriados
Nemelex Xobeh
Sif Muna
Uskayaw
Xom
The Shining One


Message History

The stinking cloud engulfs the orc wizard.
You hear an angry buzzing noise.
You hear an angry hiss.
You hear an angry buzzing noise. x2
The orc wizard is engulfed in noxious fumes.
The orc wizard appears confused.
A wyvern comes into view.
Casting: Mephitic Cloud (safe; 3% risk of failure)
Confirm with . or Enter, or press ? or * to list all spells.
Aiming: Magic Dart (safe; 1% risk of failure)
Press: ? - help, Shift-Dir - straight line, f/p - orc wizard
Aim: an orc wizard, wielding a dagger of venom and wearing a robe (lightly wounded, confused)
The magic dart hits the orc wizard.
The orc wizard is heavily wounded.
A hungry ghost comes into view.
Casting: Magic Dart (safe; 1% risk of failure)
Confirm with . or Enter, or press ? or * to list all spells.
Aiming: Magic Dart (safe; 1% risk of failure)
Press: ? - help, Shift-Dir - straight line, f/p - orc wizard
Aim: an orc wizard, wielding a dagger of venom and wearing a robe (noxious fumes, heavily wounded, confused)
The magic dart hits the orc wizard.
The orc wizard is almost dead.
Casting: Magic Dart (safe; 1% risk of failure)
Confirm with . or Enter, or press ? or * to list all spells.
Aiming: Magic Dart (safe; 1% risk of failure)
Press: ? - help, Shift-Dir - straight line, f/p - orc wizard
Aim: an orc wizard, wielding a dagger of venom and wearing a robe (noxious fumes, almost dead, confused)
The magic dart hits the orc wizard.
The orc wizard is almost dead.
The orc wizard is engulfed in noxious fumes.
The orc wizard appears confused.
Casting: Magic Dart (safe; 1% risk of failure)
Confirm with . or Enter, or press ? or * to list all spells.
Aiming: Magic Dart (safe; 1% risk of failure)
Press: ? - help, Shift-Dir - straight line, f/p - orc wizard
Aim: an orc wizard, wielding a dagger of venom and wearing a robe (almost dead, confused)
The magic dart hits the orc wizard.
You kill the orc wizard!
Sif Muna accepts your kill.
Casting: Magic Dart (safe; 1% risk of failure)
Confirm with . or Enter, or press ? or * to list all spells.
Aiming: Magic Dart (safe; 1% risk of failure)
Press: ? - help, Shift-Dir - straight line, f - wyvern
Aim: a wyvern The magic dart hits the wyvern.
The wyvern is lightly wounded.
The wyvern bites you! x2
* * * LOW HITPOINT WARNING * * *
A hound skeleton comes into view.
The wyvern bites you!
* * * LOW HITPOINT WARNING * * *
You climb upwards.
There is a stone staircase leading down here.
Casting: Magic Dart (safe; 1% risk of failure)
Confirm with . or Enter, or press ? or * to list all spells.
You blink.
Casting: Blink (safe; 4% risk of failure)
Confirm with . or Enter, or press ? or * to list all spells.
You blink.
Casting: Blink (safe; 4% risk of failure)
Confirm with . or Enter, or press ? or * to list all spells.
Aiming: Conjure Flame (safe; 1% risk of failure)
Press: ? - help, Dir - move target cursor The fire ignites!
The wyvern bites you!
You die...

#<##############.#.##.#..#.#
####.............#..#.#..#.#
# #.##############.#.#....#
# #.# #(#.#.#### ####.#
####...#.# .....# #).....#.#
###### #..§..>#.# #.l....#.#
#@§....#.# #......#.#
########.# #.##### #.....#
#####.# #.....# #.#####
#.########


You could see a wyvern.

Vanquished Creatures
  A water moccasin (D:6)
  An ice beast (D:5)
  A phantom (D:5)
  3 centaurs
  4 ogres
  3 big kobolds (Sewer)
  2 scorpions (D:5)
  A howler monkey (D:4)
  A crimson imp (D:6)
  A bullfrog zombie (D:6)
  4 orc wizards
  2 orc priests (D:4)
  A hound (D:5)
  An iguana (D:5)
  2 worker ants (D:4)
  A hound skeleton (D:5)
  Robin (D:2)
  3 gnolls (D:6)
  10 adders
  A river rat (Sewer)
  2 oozes (Sewer)
  3 worms
  A dart slug (D:3)
  3 leopard geckos
  16 orcs
  4 ball pythons (Sewer)
  3 giant cockroaches
  14 goblins
  6 hobgoblins
  4 jackals (D:1)
  5 kobolds
  6 quokkas
  2 bats
  3 frilled lizards (D:4)
  A quokka zombie (D:5)
  6 rats
123 creatures vanquished.

Vanquished Creatures (collateral kills)
  A worm (D:3)
1 creature vanquished.

Grand Total: 124 creatures vanquished

Notes
Turn   | Place    | Note
-------+----------+-------------------------------------------
     0 | D:1      | Amnesiac the Deep Elf Wizard began the quest for the Orb.
     0 | D:1      | Reached XP level 1. HP: 10/10 MP: 7/7
   290 | D:1      | Reached XP level 2. HP: 13/16 MP: 1/9
   294 | D:1      | Learned a level 2 spell: Blink
   297 | D:1      | Learned a level 2 spell: Call Imp
   546 | D:1      | Reached skill level 2 in Conjurations
   971 | D:2      | Noticed Robin
  1007 | D:2      | Killed Robin
  1007 | D:2      | Reached skill level 1 in Fighting
  1007 | D:2      | Reached XP level 3. HP: 20/20 MP: 0/11
  1195 | D:2      | Reached skill level 3 in Conjurations
  1361 | D:2      | Found a sparkling altar of Nemelex Xobeh.
  1368 | D:2      | Found a deep blue altar of Sif Muna.
  1368 | D:2      | Found a shimmering altar of Xom.
  1447 | D:2      | Became a worshipper of Sif Muna the Loreminder
  1761 | D:3      | Reached XP level 4. HP: 25/25 MP: 9/12
  1773 | D:3      | Learned a level 3 spell: Conjure Flame
  1777 | D:3      | Learned a level 3 spell: Mephitic Cloud
  1843 | D:3      | Found a glowing drain.
  1961 | Sewer    | Entered a sewer
  1966 | Sewer    | Reached skill level 4 in Conjurations
  2075 | Sewer    | Noticed a big kobold
  2076 | Sewer    | Noticed a big kobold
  2105 | Sewer    | Killed a big kobold
  2105 | Sewer    | Reached * piety under Sif Muna
  2105 | Sewer    | Reached skill level 5 in Conjurations
  2105 | Sewer    | Reached XP level 5. HP: 29/29 MP: 8/13
  2176 | Sewer    | Reached skill level 5 in Spellcasting
  2176 | Sewer    | Reached XP level 6. HP: 26/34 MP: 8/15
  2193 | Sewer    | Reached skill level 6 in Conjurations
  3062 | D:4      | Reached ** piety under Sif Muna
  3062 | D:4      | Reached skill level 7 in Conjurations
  3083 | D:4      | Reached XP level 7. HP: 33/38 MP: 4/17
  3219 | D:4      | Got an ichor-stained mace {crush}
  3232 | D:4      | Identified the +4 mace of Terror {crush, Str+5} (You took it off an orc on level 4 of the Dungeon)
  3362 | D:4      | Reached skill level 8 in Conjurations
  3766 | D:5      | Entered Level 5 of the Dungeon
  3849 | D:5      | Found a hide-covered altar of Uskayaw.
  3850 | D:5      | Found a snail-covered altar of Cheibriados.
  3879 | D:5      | Reached XP level 8. HP: 43/43 MP: 2/20
  4031 | D:5      | Reached *** piety under Sif Muna
  4031 | D:5      | Reached skill level 9 in Conjurations
  4157 | D:5      | Got a heavy robe
  4170 | D:5      | Identified the cursed +0 robe of the Iron City of Dis {rF+} (You found it on level 5 of the Dungeon)
  4882 | D:6      | Reached skill level 10 in Conjurations
  4968 | D:6      | Found a glowing golden altar of the Shining One.
  5210 | D:6      | Reached **** piety under Sif Muna
  5392 | D:6      | Slain by a wyvern

Vault maps used:
D:1:      shiori_arrival_elements
D:2:      minitemple, uniq_robin
D:3:      cheibrodos_sewer_entry_drain
D:4:      first_ration, minmay_misc_feat_tiny, minmay_fountain_box
D:5:      gammafunk_temple_overflow_statue, kennysheep_generic_room_3
D:6:      nicolae_tso_carved_into_rock
D:7:      minmay_opposing_rooms, minmay_temple_entry_trees, serial_shops, shop
Sewer:    sewer_co_15_rooms

Skill      XL: |  1  2  3  4  5  6  7  8 |
---------------+-------------------------+-----
Conjurations   | 2 3 5 7 8 10 | 10.0
Fighting       | 1 |  1.3
Spellcasting   | 5 7 9 |  9.7
Dodging        | |  2.4
Stealth        | |  2.4
Summonings     | |  1.1
Translocations | |  1.1

Action                   |  1- 3 |  4- 6 |  7- 9 || total
-------------------------+-------+-------+-------++-------
Melee: Unarmed           |     9 |       |       ||     9
       Dagger            |       |    15 |       ||    15
       Mace              |       |       |    30 ||    30
 Cast: Magic Dart        |   100 |   119 |   185 ||   404
       Conjure Flame     |       |     3 |     5 ||     8
       Call Imp          |       |     1 |       ||     1
       Mephitic Cloud    |       |     3 |     8 ||    11
       Blink             |       |       |     2 ||     2
Invok: Divine Energy     |       |     1 |       ||     1
Evoke: Wand              |       |       |     1 ||     1
  Use: Scroll            |       |     7 |     4 ||    11
 Stab: Sleeping          |       |     1 |       ||     1
       Confused          |       |       |     1 ||     1
  Eat: Chunk             |     2 |     5 |     3 ||    10
       Ration            |       |       |     1 ||     1
Armor: Robe              |     5 |     3 |    12 ||    20
Dodge: Dodged            |    19 |    20 |    50 ||    89

Table legend:
 A = Spawn XP
 B = Non-spawn XP
 C = Spawn XP percentage of total XP
 D = Spawn monster count
 E = Non-spawn monster count
 F = Spawn count percentage of total count
 G = Total turns spent on level
                    A         B        C        D         E        F      G
               +---------+---------+-------+---------+---------+-------+---------
         Total |       0 |    2575 |   0.0 |       0 |     124 |   0.0 |  5392
               +---------+---------+-------+---------+---------+-------+---------
           D:1 |       0 |      21 |   0.0 |       0 |      12 |   0.0 |   823
           D:2 |       0 |      58 |   0.0 |       0 |      20 |   0.0 |   680
           D:3 |       0 |      44 |   0.0 |       0 |      17 |   0.0 |   964
           D:4 |       0 |     598 |   0.0 |       0 |      26 |   0.0 |   881
           D:5 |       0 |     724 |   0.0 |       0 |      10 |   0.0 |   922
           D:6 |       0 |     700 |   0.0 |       0 |      18 |   0.0 |   692
           D:7 |       0 |      40 |   0.0 |       0 |       3 |   0.0 |    12
         Sewer |       0 |     390 |   0.0 |       0 |      18 |   0.0 |   418
               +---------+---------+-------+---------+---------+-------+---------
